HSSL
BUTLER HS GOLDEN TORNADO @ MADAWASKA VALLEY HS WOLVES
04/06/2023
 
TOP OF THE 1ST
Butler HS Golden Tornado batting - Pitching for Madawaska Valley HS Wolves : RHP Vince Conklin
Pitching: RHP Vince Conklin
Batting: LHB Jon Rogers 0-0: SINGLE (Flyball, 78M)
Batting: LHB Joe Baker 0-0: Ball
1-0: Called Strike
1-1: Ball
2-1: Foul Ball, location: 2F
2-2: Fly out, F8 (Flyball, 8LM)
Batting: RHB Rafael Barajas 0-0: Called Strike
0-1: Called Strike
0-2: Fly out, F8 (Flyball, 8RM)
Batting: LHB Jérémie Rivard 0-0: Ball
Jon Rogers steals 2nd base
1-0: Swinging Strike
1-1: Called Strike
1-2: Ball
2-2: Strikes out swinging
Top of the 1st over - 0 run(s), 1 hit(s), 0 error(s), 1 left on base; Butler HS 0 - Madawaska Valley HS 0
BOTTOM OF THE 1ST
Madawaska Valley HS Wolves batting - Pitching for Butler HS Golden Tornado : RHP Colin Younger
Pitching: RHP Colin Younger
Batting: LHB Nick Moss 0-0: Called Strike
0-1: Called Strike
0-2: Ball
1-2: Ball
2-2: Ball
3-2: Strikes out looking
Batting: RHB Jim Turner 0-0: Ball
1-0: DOUBLE (Flyball, 78D)
Batting: RHB Tom Rowe 0-0: Called Strike
0-1: Ball
1-1: Foul Ball, location: 2F
1-2: Ball
2-2: Ball
3-2: Foul Ball, location: 2F
3-2: Foul Ball, location: 2F
3-2: Foul Ball, location: 2F
3-2: SINGLE (Groundball, 4MD)
Jim Turner to third
Throwing error, E8
Jim Turner scores
Tom Rowe to second
Batting: LHB John Clark 0-0: Called Strike
0-1: Foul Ball, location: 2F
0-2: Fly out, F9 (Flyball, 9LDF)
Runner from 2nd tags up, SAFE at 3rd, no throw
Batting: RHB Hubert MacDonald 0-0: Ground out 6-3 (Groundball, 6)
Bottom of the 1st over - 1 run(s), 2 hit(s), 1 error(s), 1 left on base; Butler HS 0 - Madawaska Valley HS 1
TOP OF THE 2ND
Butler HS Golden Tornado batting - Pitching for Madawaska Valley HS Wolves : RHP Vince Conklin
Batting: RHB Derek Scott 0-0: Called Strike
0-1: Ball
1-1: Ball
2-1: Called Strike
2-2: Ground out 1-3 (Groundball, 13)
Batting: SHB Bruce MacPherson 0-0: Ball
1-0: Foul Ball, location: 2F
1-1: Swinging Strike
1-2: Ball
2-2: Strikes out swinging
Batting: RHB Christian Nash 0-0: Called Strike
0-1: Ball
1-1: Called Strike
1-2: Ground out 4-3 (Groundball, 4)
Top of the 2nd over - 0 run(s), 0 hit(s), 0 error(s), 0 left on base; Butler HS 0 - Madawaska Valley HS 1
BOTTOM OF THE 2ND
Madawaska Valley HS Wolves batting - Pitching for Butler HS Golden Tornado : RHP Colin Younger
Batting: RHB Aaron Duncan 0-0: Ball
1-0: Called Strike
1-1: Ground out 5-3 (Groundball, 5S)
Batting: LHB Ronald Wallace 0-0: SINGLE (Line Drive, 8RS)
Batting: LHB Sam Clay 0-0: Foul Ball, location: 2F
0-1: Ball
1-1: Swinging Strike
1-2: Ball
2-2: Ball
3-2: Strikes out swinging
Batting: RHB Jeff Shephard 0-0: Ball
1-0: Fly out, F4 (Popup, 4MD)
Bottom of the 2nd over - 0 run(s), 1 hit(s), 0 error(s), 1 left on base; Butler HS 0 - Madawaska Valley HS 1
TOP OF THE 3RD
Butler HS Golden Tornado batting - Pitching for Madawaska Valley HS Wolves : RHP Vince Conklin
Batting: LHB Dave Reynolds 0-0: Ball
1-0: Ball
2-0: Called Strike
2-1: Swinging Strike
2-2: SINGLE (Groundball, 56D)
Batting: RHB Eddie Woods 0-0: Called Strike
Dave Reynolds is caught stealing 2nd base
0-1: Foul Ball, location: 2F
0-2: Ball
1-2: Hit by Pitch
Batting: LHB Jon Rogers 0-0: Swinging Strike
0-1: Called Strike
0-2: Strikes out swinging
Batting: LHB Joe Baker 0-0: Fly out, F5 (Popup, 5F)
Top of the 3rd over - 0 run(s), 1 hit(s), 0 error(s), 1 left on base; Butler HS 0 - Madawaska Valley HS 1
BOTTOM OF THE 3RD
Madawaska Valley HS Wolves batting - Pitching for Butler HS Golden Tornado : RHP Colin Younger
Batting: LHB Nick Moss 0-0: Ball
1-0: SINGLE (Line Drive, 7S)
Batting: RHB Jim Turner 0-0: SINGLE (Line Drive, 34D)
Nick Moss to second
Batting: RHB Tom Rowe 0-0: 3-RUN HOME RUN (Flyball, 7D), Distance : 385 ft
Batting: LHB John Clark 0-0: Ball
1-0: Called Strike
1-1: Foul Ball, location: 2F
1-2: Ball
2-2: Strikes out swinging
Batting: RHB Hubert MacDonald 0-0: Ball
1-0: Ball
2-0: Ground out 5-3 (Groundball, 5)
Batting: RHB Aaron Duncan 0-0: Called Strike
0-1: Swinging Strike
0-2: Strikes out swinging
Bottom of the 3rd over - 3 run(s), 3 hit(s), 0 error(s), 0 left on base; Butler HS 0 - Madawaska Valley HS 4
TOP OF THE 4TH
Butler HS Golden Tornado batting - Pitching for Madawaska Valley HS Wolves : RHP Vince Conklin
Batting: RHB Rafael Barajas 0-0: Called Strike
0-1: Ball
1-1: Swinging Strike
1-2: Strikes out swinging
Batting: LHB Jérémie Rivard 0-0: Ground out 4-3 (Groundball, 4)
Batting: RHB Derek Scott 0-0: Ball
1-0: Ball
2-0: Called Strike
2-1: Reached on error, E5 (Groundball, 56S)
Batting: SHB Bruce MacPherson 0-0: Called Strike
0-1: Ball
1-1: Foul Ball, location: 2F
1-2: Strikes out swinging
Top of the 4th over - 0 run(s), 0 hit(s), 1 error(s), 1 left on base; Butler HS 0 - Madawaska Valley HS 4
BOTTOM OF THE 4TH
Madawaska Valley HS Wolves batting - Pitching for Butler HS Golden Tornado : RHP Colin Younger
Batting: LHB Ronald Wallace 0-0: Foul Ball, location: 2F
0-1: SINGLE (Line Drive, 89S)
Batting: LHB Sam Clay 0-0: Called Strike
0-1: Ball
1-1: SINGLE (Flyball, 78S)
Ronald Wallace to second
Batting: RHB Jeff Shephard 0-0: Ball
1-0: Ball
2-0: Called Strike
2-1: Swinging Strike
2-2: Ball
3-2: Strikes out swinging
Batting: LHB Nick Moss 0-0: Fly out, F9 (Line Drive, 89M)
Runner from 2nd tags up, SAFE at 3rd with throw
Batting: RHB Jim Turner 0-0: Ball
1-0: Ground out 4-3 (Groundball, 4)
Bottom of the 4th over - 0 run(s), 2 hit(s), 0 error(s), 2 left on base; Butler HS 0 - Madawaska Valley HS 4
TOP OF THE 5TH
Butler HS Golden Tornado batting - Pitching for Madawaska Valley HS Wolves : RHP Vince Conklin
Batting: RHB Christian Nash 0-0: Called Strike
0-1: Called Strike
0-2: Ground out U3 (Groundball, 3)
Batting: LHB Dave Reynolds 0-0: Ball
1-0: Ball
2-0: Called Strike
2-1: Swinging Strike
2-2: Ball
3-2: Base on Balls
Batting: RHB Eddie Woods 0-0: Called Strike
0-1: Called Strike
0-2: Foul Ball, location: 2F
0-2: Fly out, F7 (Flyball, 7LSF)
Batting: LHB Jon Rogers 0-0: Foul Ball, location: 2F
0-1: Ground out 4-3 (Groundball, 4)
Top of the 5th over - 0 run(s), 0 hit(s), 0 error(s), 1 left on base; Butler HS 0 - Madawaska Valley HS 4
BOTTOM OF THE 5TH
Madawaska Valley HS Wolves batting - Pitching for Butler HS Golden Tornado : RHP Colin Younger
Batting: RHB Tom Rowe 0-0: Foul Ball, location: 2F
0-1: Ground out 4-3 (Groundball, 4MS)
Batting: LHB John Clark 0-0: Foul Ball, location: 2F
0-1: Foul Ball, location: 2F
0-2: Foul Ball, location: 2F
0-2: Fly out, F8 (Flyball, 8LM)
Batting: RHB Hubert MacDonald 0-0: DOUBLE (Line Drive, 5L)
Batting: RHB Aaron Duncan 0-0: Ball
1-0: Ball
2-0: Called Strike
2-1: SINGLE (Line Drive, 9LS)
Hubert MacDonald to third
Runner from 3rd tries for Home, SAFE, no throw or cutoff
Batting: LHB Ronald Wallace 0-0: SINGLE (Line Drive, 8LS)
Aaron Duncan to second
Batting: LHB Sam Clay 0-0: Swinging Strike
0-1: Foul Ball, location: 2F
0-2: Ball
1-2: Foul Ball, location: 2F
1-2: Ball
2-2: Foul Ball, location: 2F
2-2: Foul Ball, location: 2F
2-2: Ball
3-2: SINGLE (Line Drive, 6MD)
Aaron Duncan to third
Ronald Wallace to second
Aaron Duncan scores
Ronald Wallace to third
Pitching: RHP Alex Swain
Batting: RHB Jeff Shephard 0-0: Ball
1-0: Called Strike
1-1: Called Strike
1-2: Ball
2-2: Strikes out looking
Bottom of the 5th over - 2 run(s), 4 hit(s), 0 error(s), 2 left on base; Butler HS 0 - Madawaska Valley HS 6
TOP OF THE 6TH
Butler HS Golden Tornado batting - Pitching for Madawaska Valley HS Wolves : RHP Vince Conklin
Batting: LHB Joe Baker 0-0: Swinging Strike
0-1: Swinging Strike
0-2: Ball
1-2: Strikes out looking
Batting: RHB Rafael Barajas 0-0: Called Strike
0-1: Ball
1-1: Ground out 4-3 (Groundball, 4)
Batting: LHB Jérémie Rivard 0-0: Ball
1-0: DOUBLE (Flyball, 8LXD)
Batting: RHB Derek Scott 0-0: Ball
1-0: Ground out 6-3 (Groundball, 6)
Top of the 6th over - 0 run(s), 1 hit(s), 0 error(s), 1 left on base; Butler HS 0 - Madawaska Valley HS 6
BOTTOM OF THE 6TH
Madawaska Valley HS Wolves batting - Pitching for Butler HS Golden Tornado : RHP Alex Swain
Batting: LHB Nick Moss 0-0: Foul Ball, location: 2F
0-1: Swinging Strike
0-2: Strikes out swinging
Batting: RHB Jim Turner 0-0: Foul Ball, location: 2F
0-1: Ball
1-1: Ball
2-1: Fly out, F7 (Flyball, 7M)
Batting: RHB Tom Rowe 0-0: Foul Ball, location: 2F
0-1: Ball
1-1: Hit by Pitch
Batting: LHB John Clark 0-0: Ball
1-0: Swinging Strike
1-1: Foul Ball, location: 2F
1-2: Ball
2-2: Ball
Tom Rowe steals 2nd base
3-2: Base on Balls
Batting: RHB Hubert MacDonald 0-0: Called Strike
0-1: Fielders Choice at 2nd, 6-4 (Groundball, 6)
Bottom of the 6th over - 0 run(s), 0 hit(s), 0 error(s), 1 left on base; Butler HS 0 - Madawaska Valley HS 6
TOP OF THE 7TH
Butler HS Golden Tornado batting - Pitching for Madawaska Valley HS Wolves : RHP Vince Conklin
Pitching: RHP Kyle Rumbolt
Batting: SHB Bruce MacPherson 0-0: Ball
1-0: Foul Ball, location: 2F
1-1: Called Strike
1-2: Foul Ball, location: 2F
1-2: Foul Ball, location: 2F
1-2: Ball
2-2: Strikes out swinging
Batting: RHB Christian Nash 0-0: Ball
1-0: Foul Ball, location: 2F
1-1: SOLO HOME RUN (Flyball, 7D), Distance : 392 ft
Batting: LHB Dave Reynolds 0-0: Called Strike
0-1: Called Strike
0-2: Ground out 1-3 (Groundball, 15)
Batting: RHB Eddie Woods 0-0: TRIPLE (Line Drive, 8RM)
Batting: LHB Jon Rogers 0-0: SINGLE (Groundball, 56D)
Eddie Woods scores
Batting: LHB Joe Baker 0-0: Ball
1-0: Foul Ball, location: 2F
1-1: Ball
2-1: Foul Ball, location: 2F
2-2: Strikes out swinging
Top of the 7th over - 2 run(s), 3 hit(s), 0 error(s), 1 left on base; Butler HS 2 - Madawaska Valley HS 6
BOTTOM OF THE 7TH
Madawaska Valley HS Wolves batting - Pitching for Butler HS Golden Tornado : RHP Alex Swain
Batting: RHB Aaron Duncan 0-0: Ground out 4-3 (Groundball, 4)
Batting: LHB Ronald Wallace 0-0: Ground out 4-3 (Groundball, 4)
Batting: LHB Sam Clay 0-0: Ball
1-0: Called Strike
1-1: Ball
2-1: Fly out, F8 (Flyball, 8LM)
Bottom of the 7th over - 0 run(s), 0 hit(s), 0 error(s), 0 left on base; Butler HS 2 - Madawaska Valley HS 6
TOP OF THE 8TH
Butler HS Golden Tornado batting - Pitching for Madawaska Valley HS Wolves : RHP Kyle Rumbolt
Batting: RHB Rafael Barajas 0-0: Ball
1-0: Ground out 5-3 (Groundball, 5L)
Batting: LHB Jérémie Rivard 0-0: SINGLE (Flyball, 78M)
Batting: RHB Derek Scott 0-0: Ball
1-0: Foul Ball, location: 2F
1-1: Fly out, F8 (Flyball, 8RM)
Batting: SHB Bruce MacPherson 0-0: Ball
1-0: Ball
2-0: Called Strike
2-1: Ball
3-1: Called Strike
3-2: Foul Ball, location: 2F
3-2: Base on Balls
Jérémie Rivard to second
Pitching: RHP Arthur Melton
Batting: RHB Christian Nash 0-0: Called Strike
0-1: Ball
1-1: Ball
2-1: Fly out, F8 (Flyball, 8RM)
Top of the 8th over - 0 run(s), 1 hit(s), 0 error(s), 2 left on base; Butler HS 2 - Madawaska Valley HS 6
BOTTOM OF THE 8TH
Madawaska Valley HS Wolves batting - Pitching for Butler HS Golden Tornado : RHP Alex Swain
Pitching: RHP Ken Slaugh
Batting: RHB Jeff Shephard 0-0: Fly out, F8 (Flyball, 78D)
Batting: LHB Nick Moss 0-0: Ball
1-0: Foul Ball, location: 2F
1-1: Ball
2-1: Foul Ball, location: 2F
2-2: Ball
3-2: SINGLE (Groundball, 3D)
Batting: RHB Jim Turner 0-0: Ball
1-0: Fly out, F8 (Flyball, 8RM)
Batting: RHB Tom Rowe 0-0: Foul Ball, location: 2F
0-1: Ball
1-1: Swinging Strike
1-2: Ball
2-2: Strikes out looking
Bottom of the 8th over - 0 run(s), 1 hit(s), 0 error(s), 1 left on base; Butler HS 2 - Madawaska Valley HS 6
TOP OF THE 9TH
Butler HS Golden Tornado batting - Pitching for Madawaska Valley HS Wolves : RHP Arthur Melton
Batting: LHB Dave Reynolds 0-0: Fly out, F9 (Flyball, 9M)
Batting: RHB Eddie Woods 0-0: Foul Ball, location: 2F
0-1: Ball
1-1: Ball
2-1: Ball
3-1: Base on Balls
Batting: LHB Jon Rogers 0-0: Ball
1-0: 2-RUN HOME RUN (Flyball, 89XD), Distance : 437 ft
Pitching: RHP Jesús Fabián
Batting: LHB Joe Baker 0-0: Ball
1-0: Foul Ball, location: 2F
1-1: Ball
2-1: Called Strike
2-2: Foul Ball, location: 2F
2-2: Ball
3-2: Base on Balls
Batting: RHB Rafael Barajas 0-0: Called Strike
0-1: Swinging Strike
0-2: Ball
1-2: Ball
2-2: Foul Ball, location: 2F
2-2: Strikes out swinging
Batting: LHB Jérémie Rivard 0-0: Swinging Strike
0-1: Ball
1-1: Ball
2-1: Fielders Choice at 2nd, U4 (Groundball, 4M)
Top of the 9th over - 2 run(s), 1 hit(s), 0 error(s), 1 left on base; Butler HS 4 - Madawaska Valley HS 6
This league is powered by Out of the Park Baseball, the baseball management simulation game for PC, Mac and Linux
Wednesday, December 2nd, 2015 - OOTP Baseball 16.8 Build 38